 Dungeon Crawl Stone Soup version 0.25-a0-10-g2fe12d4386 (webtiles) character file.

Game seed: 16030742344693252692, levelgen mode: deterministic

12294 Ijustatesigmund the Cleaver (level 11, -2/111 HPs)
             Began as a Hill Orc Fighter on Oct 15, 2019.
             Was the Champion of Cheibriados.
             Slain by a komodo dragon (15 damage)
             ... on level 11 of the Dungeon.
             The game lasted 00:22:24 (12538 turns).

Ijustatesigmund the Cleaver (Hill Orc Fighter)     Turns: 12538, Time: 00:22:24

Health: -2/111     AC:  6    Str: 35    XL:     11   Next: 91%
Magic:  20/20      EV: 12    Int: 23    God:    Cheibriados [******]
Gold:   530        SH: 14    Dex: 28    Spells: 9/10 levels left

rFire    . . .     SeeInvis .   J - +1 broad axe (vamp)
rCold    . . .     Gourm    .   c - +1 shield
rNeg     + . .     Faith    .   b - +0 chain mail
rPois    +         Spirit   .   (no helmet)
rElec    .         Reflect  .   A - +1 cloak
rCorr    .         Harm     .   (no gloves)
MR       .....                  H - +1 pair of boots
Stlth    ..........             (no amulet)
HPRegen  0.28/turn              y - ring of positive energy
MPRegen  0.17/turn              z - ring of poison resistance

@: corroded, very slow
A: robust 1
a: Bend Time, Temporal Distortion, Slouch, Step From Time, Renounce Religion


You were on level 11 of the Dungeon.
You worshipped Cheibriados.
Cheibriados was exalted by your worship.
You were hungry.

You visited 2 branches of the dungeon, and saw 12 of its levels.
You also visited: Sewer and Ossuary.

You collected 605 gold pieces.
You spent 75 gold pieces at shops.

Inventory:

Hand Weapons
 a - a +5 war axe of flaming
 J - a +1 vampiric broad axe (weapon)
Missiles
 o - 49 poisoned darts (quivered)
Armour
 b - a +0 chain mail (worn)
 c - a +1 shield (worn)
 A - a +1 cloak (worn)
 H - a +1 pair of boots (worn)
Jewellery
 k - an uncursed ring of protection from cold
 y - a ring of positive energy (left hand)
 z - a ring of poison resistance (right hand)
 F - an uncursed amulet of harm {unknown}
 G - a +5 ring of strength {unknown}
Wands
 d - a wand of acid (5)
 l - a wand of enslavement (1)
 t - a wand of iceblast (8)
 I - a wand of disintegration (12)
Scrolls
 n - 2 scrolls of magic mapping
 p - a scroll of blinking
 q - 4 scrolls of teleportation
 r - 4 scrolls of immolation
 s - 4 scrolls of enchant armour
 u - a scroll of amnesia
 v - 2 scrolls of fear
 C - 7 scrolls of remove curse
 D - 5 scrolls of identify
 K - a scroll of fog
Potions
 e - 3 potions of brilliance
 g - 2 potions of cancellation {unknown}
 h - a potion of mutation
 i - 8 potions of curing
 j - a potion of heal wounds
 m - 2 potions of resistance
 w - 6 potions of lignification
 x - 5 potions of flight
 B - a potion of ambrosia
 E - a potion of agility
Comestibles
 f - 20 rations


   Skills:
 + Level 10.8 Fighting
 + Level 12.6 Axes
 - Level 5.6 Armour
 - Level 5.2 Dodging
 - Level 5.5 Shields
 + Level 2.4 Translocations
 + Level 12.2 Invocations
 - Level 1.1 Evocations


You had 9 spell levels left.
You knew the following spells:

 Your Spells              Type           Power        Failure   Level  Hunger
a - Apportation           Tloc           ##....       58%         1    ##.....

Your spell library contained the following spells:

 Spells                   Type           Power        Failure   Level  Hunger
 Animate Skeleton         Necr           N/A          90%         1    ##.....
 Confusing Touch          Hex            #.....       90%         1    ##.....
 Sting                    Conj/Pois      #...         90%         1    ##.....
 Summon Small Mammal      Summ           #...         90%         1    ##.....
 Poisonous Vapours        Pois/Air       #.....       97%         2    ###....
 Mephitic Cloud           Conj/Pois/Air  #.......     99%         3    ####...
 Olgreb's Toxic Radiance  Pois           #.......     100%        4    #####..
 Venom Bolt               Conj/Pois      #.........   100%        5    ######.


Dungeon Overview and Level Annotations

Branches:
Dungeon (11/15)            Temple (1/1) D:5           Sewer (visited)
Ossuary (visited)
   Lair: D:8-11         Orc: D:9-12

Altars:
Ashenzari
Cheibriados
Dithmenos
Elyvilon
Fedhas
Gozag
Hepliaklqana
Kikubaaqudgha
Makhleb
Nemelex Xobeh
Okawaru
Qazlal
Ru
Sif Muna
Trog
Uskayaw
Vehumet
Wu Jian
Xom
Yredelemnul
Zin
The Shining One

Shops:
D:4 *


Innate Abilities, Weirdness & Mutations

You are robust. (+10% HP)


Message History

The komodo dragon is heavily wounded.
You block the komodo dragon's attack.
You hit the komodo dragon but do no damage.
The komodo dragon is heavily wounded.
The komodo dragon bites you!!
You closely miss the komodo dragon.
The komodo dragon is heavily wounded.
A crocodile comes into view.
You block the komodo dragon's attack.
You closely miss the komodo dragon.
The komodo dragon is heavily wounded.
The komodo dragon bites you!!
* * * LOW HITPOINT WARNING * * *
You hit the komodo dragon but do no damage.
The komodo dragon is heavily wounded.
The komodo dragon bites you but does no damage.
You hit the komodo dragon but do no damage.
The komodo dragon is heavily wounded.
The komodo dragon bites you!
You die...

## ### .# ####.#
##. #...#### #.#
.###...###
##.#####.. ##
####..####
#......... #
##....###%@l..t..#
##.......†..##.#.
#####.#.##.# #####
##


You could see a komodo dragon and a crocodile.

Vanquished Creatures
  2 centaur warriors (D:10)
  A skeletal warrior (D:9)
  2 cyclopes
  A tengu conjurer (D:11)
  A hornet (D:10)
  A troll (D:10)
  2 hippogriffs
  12 yaks (D:11)
  A wraith (Ossuary)
  A vampire mosquito (D:10)
  Eustachio (D:5)
  2 wyverns (D:11)
  A hungry ghost (D:8)
  2 humans (D:8)
  A basilisk (D:9)
  A soldier ant (D:10)
  A water moccasin (D:10)
  An acid dragon (D:11)
  2 black bears (D:10)
  Purgy (Sewer)
  A phantom (D:8)
  2 sky beasts
  4 ogres
  4 necrophages
  4 orc warriors
  7 centaurs
  3 big kobolds (D:10)
  Blork the orc (D:5)
  5 bullfrogs
  A gnoll sergeant (D:10)
  3 scorpions
  A wyvern skeleton (D:9)
  6 killer bees (D:10)
  3 howler monkeys
  3 crimson imps
  2 bullfrog zombies (D:6)
  A quasit (D:7)
  A centaur zombie (D:8)
  2 centaur skeletons
  5 hounds
  7 orc priests
  Crazy Yiuf (D:3)
  A gnoll shaman (D:7)
  5 jellies
  Jessica (D:3)
  3 iguanas
  Ijyb (D:3)
  Terence (D:2)
  8 orc wizards
  12 worker ants
  A killer bee zombie (D:7)
  A hound zombie (D:5)
  A mummy (Ossuary)
  2 worker ant zombies
  18 adders
  11 gnolls
  A howler monkey skeleton (D:11)
  A river rat (D:6)
  8 shadow imps
  An ooze (D:1)
  An adder skeleton (D:4)
  An adder zombie (D:8)
  A worm (D:3)
  A dart slug (D:1)
  6 leopard geckos
  43 orcs
  9 bats
  2 giant cockroaches
  8 goblins
  4 hobgoblins
  6 jackals
  A quokka (D:3)
  2 ball pythons
  5 frilled lizards
  5 gnoll skeletons (Ossuary)
  29 kobolds
  9 kobold skeletons (Ossuary)
  9 orc skeletons (Ossuary)
  4 quokka skeletons
  10 rats
337 creatures vanquished.

Notes
Turn   | Place    | Note
-------+----------+-------------------------------------------
     0 | D:1      | Ijustatesigmund the Hill Orc Fighter began the quest for
                  | the Orb.
     0 | D:1      | Reached XP level 1. HP: 19/19 MP: 1/1
    34 | D:1      | Reached XP level 2. HP: 19/26 MP: 2/2
   628 | D:1      | Reached XP level 3. HP: 31/31 MP: 3/3
   689 | D:1      | Reached skill level 5 in Axes
  1544 | D:2      | Noticed Terence
  1551 | D:2      | Killed Terence
  1551 | D:2      | Reached XP level 4. HP: 23/39 MP: 4/4
  2293 | D:3      | Found a sparkling altar of Nemelex Xobeh.
  2298 | D:3      | Noticed Ijyb
  2309 | D:3      | Killed Ijyb
  2309 | D:3      | Reached XP level 5. HP: 40/46 MP: 5/5
  2423 | D:3      | Noticed Jessica
  2431 | D:3      | Killed Jessica
  2462 | D:3      | Found a bloodstained altar of Trog.
  2607 | D:3      | Reached XP level 6. HP: 52/53 MP: 6/6
  2636 | D:3      | Found a runed translucent door.
  2637 | D:3      | Noticed Crazy Yiuf
  2644 | D:3      | Killed Crazy Yiuf
  3110 | D:4      | Found a white marble altar of Elyvilon.
  3148 | D:4      | Reached skill level 5 in Fighting
  3157 | D:4      | Reached XP level 7. HP: 30/61 MP: 7/7
  3992 | D:4      | Found Gome's Assorted Antiques.
  3997 | D:4      | Bought a scroll labeled EHIOLO ESAJEMP for 27 gold pieces
  3997 | D:4      | Bought 2 murky grey potions for 48 gold pieces
  4291 | D:5      | Entered Level 5 of the Dungeon
  4291 | D:5      | Noticed Eustachio
  4297 | D:5      | Killed Eustachio
  4300 | D:5      | Noticed Blork the orc
  4420 | D:5      | Found a sand-covered staircase.
  4425 | Ossuary  | Entered an ossuary
  4425 | Ossuary  | Noticed a wraith
  4425 | Ossuary  | Noticed a wraith
  4425 | Ossuary  | Noticed a wraith
  4732 | Ossuary  | Noticed a wraith
  4760 | Ossuary  | Killed a wraith
  4760 | Ossuary  | Reached skill level 5 in Armour
  4760 | Ossuary  | Reached skill level 5 in Shields
  4760 | Ossuary  | Reached XP level 8. HP: 45/70 MP: 8/8
  4890 | Ossuary  | Gained mutation: You are clumsy. (Dex -2) [potion of
                  | mutation]
  4890 | Ossuary  | Lost mutation: You are clumsy. (Dex -2) [potion of
                  | mutation]
  4890 | Ossuary  | Gained mutation: You are robust. (+10% HP) [potion of
                  | mutation]
  5030 | D:5      | Killed Blork the orc
  5552 | D:5      | Found an opulent altar of Gozag.
  5741 | D:5      | Found a staircase to the Ecumenical Temple.
  5751 | Temple   | Entered the Ecumenical Temple
  5976 | Temple   | Became a worshipper of Cheibriados the Contemplative
  6122 | D:6      | Found a glowing drain.
  6131 | Sewer    | Entered a sewer
  6173 | Sewer    | Noticed Purgy
  6178 | Sewer    | Killed Purgy
  6178 | Sewer    | Reached skill level 1 in Dodging
  6178 | Sewer    | Reached skill level 1 in Invocations
  6797 | D:6      | Reached * piety under Cheibriados
  6893 | D:6      | Reached XP level 9. HP: 85/85 MP: 10/12
  7320 | D:7      | Reached skill level 5 in Invocations
  7416 | D:7      | Found a basalt altar of Yredelemnul.
  7770 | D:7      | Reached ** piety under Cheibriados
  8299 | D:8      | Reached skill level 5 in Dodging
  8434 | D:8      | Reached XP level 10. HP: 89/92 MP: 16/16
  8641 | D:8      | Reached *** piety under Cheibriados
  8739 | D:8      | Found an iron altar of Okawaru.
  9423 | D:9      | Reached skill level 10 in Axes
 10090 | D:10     | Entered Level 10 of the Dungeon
 10103 | D:10     | Noticed a centaur warrior
 10108 | D:10     | Reached **** piety under Cheibriados
 10122 | D:10     | Reached skill level 10 in Invocations
 10124 | D:10     | Noticed a skeletal warrior
 10582 | D:9      | Killed a skeletal warrior
 10677 | D:10     | Noticed a cyclops
 10687 | D:10     | Noticed a centaur warrior
 10695 | D:10     | Killed a centaur warrior
 10695 | D:10     | Reached XP level 11. HP: 25/106 MP: 17/19
 10830 | D:10     | Killed a centaur warrior
 11045 | D:10     | Killed a cyclops
 11418 | D:10     | Reached skill level 10 in Fighting
 11441 | D:10     | Reached ***** piety under Cheibriados
 11517 | D:10     | Reached skill level 1 in Evocations
 11616 | D:10     | Learned a level 1 spell: Apportation
 11942 | D:11     | Noticed a cyclops
 11950 | D:11     | Killed a cyclops
 12136 | D:11     | Reached skill level 1 in Translocations
 12256 | D:11     | Identified a scroll of acquirement
 12518 | D:11     | Reached ****** piety under Cheibriados
 12538 | D:11     | Slain by a komodo dragon

Levels and vault maps discovered:
D:1:      sevenhm_arrival_forest_fort_small_6, layout_loops_corners,
          st_stairs_4, minmay_misc_feat_x
D:2:      layout_rooms, ebering_dispersal_statue_hall, uniq_terence
D:3:      layout_basic, old_standard_altar, minmay_misc_feat_plants,
          trog_three_pillars_becter, uniq_jessica, uniq_ijyb,
          uniq_crazy_yiuf_cottage
D:4:      layout_basic, kennysheep_mini_moat, serial_shops, shop, first_ration,
          minmay_misc_feat_rows, minmay_joined_circles
D:5:      layout_rooms, nicolae_gozag_seed_capital, temple_hall,
          nicolae_ossuary_entry_false_entrances, uniq_blork_the_orc,
          uniq_eustachio
D:6:      layout_loops_corners, portal_sewer_entry_c
D:7:      layout_basic, basic_altar, kennysheep_cross_bottleneck
D:8:      layout_loops_ring, okawaru_humans
D:9:      layout_layer_cave
D:10:     layout_grid_maze, minivault_28
D:11:     layout_irregular_city, erik_lair_dragon, grunt_tengu_nest
Temple:   dpeg_five_rooms_temple

Skill      XL: |  1  2  3  4  5  6  7  8  9 10 11 |
---------------+----------------------------------+-----
Axes           | 3 4 5 6 7 8 9 11 12 | 12.6
Fighting       | 4 5 6 9 10 | 10.8
Armour         | 4 5 |  5.6
Shields        | 4 5 |  5.5
Dodging        | 2 5 |  5.2
Invocations    | 4 8 10 12 | 12.2
Evocations     | 1 |  1.1
Translocations | 2 |  2.4

Action                   |  1- 3 |  4- 6 |  7- 9 | 10-12 || total
-------------------------+-------+-------+-------+-------++-------
Melee: War axe           |   113 |   160 |   460 |   275 ||  1008
       Broad axe         |       |       |       |    69 ||    69
Throw: Dart              |       |     3 |    20 |     7 ||    30
Evoke: Wand              |       |       |     4 |     1 ||     5
  Use: Scroll            |     3 |    13 |     9 |     9 ||    34
       Potion            |       |     1 |     6 |     1 ||     8
 Stab: Distracted        |       |       |     1 |     1 ||     2
  Eat: Chunk             |     1 |     6 |     6 |     3 ||    16
       Ration            |       |       |     4 |     1 ||     5
Armor: Scale mail        |    35 |     5 |       |       ||    40
       Chain mail        |       |    71 |   228 |   101 ||   400
Dodge: Dodged            |    33 |    38 |   116 |   155 ||   342
Block: Shield            |    60 |    83 |   272 |   244 ||   659

Table legend:
 A = Non-vault XP
 B = Vault XP
 C = Vault XP percentage of total XP
 D = Non-vault monster count
 E = Vault monster count
 F = Vault count percentage of total count
                 A         B        C        D         E       F
            +---------+---------+-------+---------+---------+-------
      Total |   10989 |    6574 |  37.4 |     268 |      69 |  20.5
            +---------+---------+-------+---------+---------+-------
        D:1 |      53 |      17 |  24.3 |      26 |       3 |  10.3
        D:2 |      32 |      36 |  52.9 |      14 |       1 |   6.7
        D:3 |     143 |     113 |  44.1 |      28 |       3 |   9.7
        D:4 |     357 |     141 |  28.3 |      17 |       8 |  32.0
        D:5 |     401 |     286 |  41.6 |      12 |       2 |  14.3
        D:6 |     458 |      15 |   3.2 |      10 |       3 |  23.1
        D:7 |     789 |       0 |   0.0 |      30 |       0 |   0.0
        D:8 |    1872 |     360 |  16.1 |      33 |       2 |   5.7
        D:9 |    1156 |     768 |  39.9 |      27 |       1 |   3.6
       D:10 |    2381 |    3585 |  60.1 |      44 |      11 |  20.0
       D:11 |    3347 |     871 |  20.6 |      27 |       4 |  12.9
      Sewer |       0 |     136 | 100.0 |       0 |       6 | 100.0
    Ossuary |       0 |     246 | 100.0 |       0 |      25 | 100.0
            +---------+---------+-------+---------+---------+-------
